 Dungeon Crawl Stone Soup version 0.31-a0-1603-gbec6b6ccbf (webtiles) character file.

Game seed: 6513916764694354408

16527 wildpjah the End of an Era (level 12, -1/89 HPs)
             Began as a Demonspawn Gladiator on Jan 7, 2024.
             Was the Champion of Qazlal.
             Slain by Fannar
             ... wielding a +0 quarterstaff of freezing
              (22 damage)
             ... on level 10 of the Dungeon.
             The game lasted 00:27:25 (9352 turns).

wildpjah the End of an Era (Demonspawn Gladiator)   Turns: 9352, Time: 00:27:26

Health: -1/89      AC: 14    Str: 21    XL:     12   Next: 10%
Magic:  29/29      EV: 19    Int: 10    God:    Qazlal [******]
Gold:   692        SH:  8    Dex: 15    Spells: 11/11 levels left

rFire   + . .        I - +1 whip (vamp)
rCold   . . .        (no shield)
rNeg    . . .        s - +0 ring mail
rPois   .            (helmet restricted)
rElec   .            p - +0 cloak
rCorr   .            U - +0 pair of gloves
SInv    .            j - +1 pair of boots
Will    .....        n - amulet of regeneration
Stlth   +            c - ring of magical power
HPRegen 1.14/turn    F - ring "Huawky" {Fire Str+3}
MPRegen 0.42/turn

%: repel missiles
@: agile, protected from cold
A: horns 2, thin metallic scales 2, powered by pain 1, magic regeneration
a: Renounce Religion, Upheaval, Elemental Force, Disaster Area


You were on level 10 of the Dungeon.
You worshipped Qazlal.
Qazlal was exalted by your worship.
You visited 2 branches of the dungeon, and saw 11 of its levels.
You also visited: Sewer and Ossuary.

You collected 692 gold pieces.

Inventory:

Hand Weapons
 e - a +0 dagger of flaming
 l - the +11 halberd of Midsummer {freeze, rC+}
   (You took it off a gnoll on level 9 of the Dungeon)

   rC+:       It protects you from cold.
 r - a +5 morningstar
 w - a +4 whip of protection
 y - a +3 mace
 A - a +1 dagger of draining
 D - a +2 whip of pain
 I - a +1 vampiric whip (weapon)
 P - a +3 hand axe
Missiles
 d - 3 throwing nets (quivered)
 o - 2 atropa-tipped darts
 B - 51 poisoned darts
 S - a javelin
Armour
 b - a +0 leather armour
 j - a +1 pair of boots (worn)
 p - a +0 cloak (worn)
 s - a +0 ring mail (worn)
 U - a +0 pair of gloves (worn)
Magical Staves
 u - a staff of conjuration
 z - a staff of fire
Jewellery
 c - a ring of magical power (left hand)
 n - an amulet of regeneration (around neck)
 E - an amulet of reflection
 F - the ring "Huawky" (right hand) {Fire Str+3}
   (You found it on level 4 of the Dungeon)

   [ring of fire]

   Fire:      It enhances your fire magic.
   Str+3:     It affects your strength (+3).
   rF+:       It protects you from fire.
   rC-:       It makes you vulnerable to cold.
 O - a ring of protection from fire
 R - the amulet of the Raven {Spirit rF+ Str+2}
   (You found it on level 8 of the Dungeon)

   [amulet of guardian spirit]

   Spirit:    It causes incoming damage to be divided between your reserves of
   health and magic.
   Str+2:     It affects your strength (+2).
   rF+:       It protects you from fire.
 T - a +4 ring of protection
 V - a ring of willpower
 W - an amulet of the acrobat
 Z - a ring of wizardry
Wands
 k - a wand of roots (7)
 q - a wand of mindburst (21)
Scrolls
 a - 2 scrolls of immolation
 i - a scroll of fear
 x - a scroll of blinking
 G - 3 scrolls of enchant armour
 Q - a scroll of amnesia
 X - 2 scrolls of identify
Potions
 f - 5 potions of enlightenment
 g - 2 potions of mutation
 h - 4 potions of curing
 m - 2 potions of magic
 t - 3 potions of cancellation
 v - 2 potions of attraction
 C - 4 potions of might
 H - a potion of haste {unknown}
 K - a potion of brilliance {unknown}
 L - a potion of lignification {unknown}
 M - 3 potions of berserk rage {unknown}
 N - 2 potions of resistance {unknown}
 Y - a potion of invisibility {unknown}


   Skills:
 + Level 6.8 Fighting
 + Level 10.1 Maces & Flails
 + Level 2.4 Throwing
 + Level 6.8 Armour
 + Level 7.5 Dodging
 + Level 2.8 Stealth
 + Level 5.9 Shields
 * Level 11.1 Invocations
 + Level 1.1 Evocations


You had 11 spell levels left.
You didn't know any spells.
Your spell library contained the following spells:

 Spells                   Type           Power      Damage    Failure   Level
 Apportation              Tloc           0%         N/A       52%         1
 Freeze                   Ice            0%         1d3       52%         1
 Necrotise                Necr           0%         1d4       52%         1
 Shock                    Conj/Air       0%         1d3       52%         1
 Sting                    Conj/Alch      0%         1d3       52%         1
 Summon Small Mammal      Summ           0%         N/A       52%         1
 Mercury Vapours          Alch/Air       0%         N/A       65%         2
 Frozen Ramparts          Ice            0%         1d1       87%         3
 Fugue of the Fallen      Necr           0%         N/A       87%         3
 Hailstorm                Conj/Ice       0%         3d5       87%         3
 Ozocubu's Armour         Ice            0%         N/A       87%         3
 Swiftness                Air            0%         N/A       87%         3
 Airstrike                Air            0%         2d(0-16)  99%         4
 Brom's Barrelling Bould  Conj/Erth      0%         2d3       99%         4
 Cause Fear               Hex            0%         N/A       99%         4
 Manifold Assault         Tloc           0%         N/A       99%         4
 Olgreb's Toxic Radiance  Alch           0%         N/A       99%         4
 Fireball                 Conj/Fire      0%         3d3       100%        5
 Iskenderun's Battlesphe  Conj           0%         2d6       100%        5
 Conjure Ball Lightning   Conj/Air       0%         3x3d6     100%        6
 Orb of Destruction       Conj           0%         9d5       100%        7
 Dragon's Call            Summ           0%         N/A       100%        9


Dungeon Overview and Level Annotations

Branches:
Dungeon (10/15)            Temple (1/1) D:4           Sewer (visited)
Ossuary (visited)
   Lair: D:8-11         Orc: D:9-12

Altars:
Ashenzari
Cheibriados
Dithmenos
Fedhas
Gozag
Hepliaklqana
Kikubaaqudgha
Makhleb
Nemelex Xobeh
Okawaru
Qazlal
Ru
Sif Muna
Trog
Uskayaw
Vehumet
Wu Jian
Xom
Yredelemnul

Shops:
D:2 :   D:9 (

Annotations:
D:7 2 transporters, exclusion: statue, bmb222's ghost, novice DsFi
D:8 3 runed translucent doors, Azoth's ghost, novice DsFE
D:10 Fannar


Innate Abilities, Weirdness & Mutations

You have a pair of horns on your head.
You are mostly covered in thin metallic scales. (AC +3)
You sometimes gain a little power by taking damage.
You regenerate magic rapidly.


Message History

Fannar hits you with a +0 quarterstaff of freezing.
Fannar freezes you.
Unknown command.
You barely miss Fannar. Your headbutt misses Fannar.
Fannar is heavily wounded.
Unknown command.
You closely miss Fannar.
Fannar is heavily wounded.
Fannar is engulfed in blazing flames.
Fannar completely misses you.
Unknown command.
You hit Fannar but do no damage. Your headbutt misses Fannar.
Fannar is severely wounded.
Unknown command.
You hit Fannar but do no damage. Your headbutt misses Fannar.
Fannar is severely wounded.
Fannar casts a spell.
Fannar drains the heat from the surrounding environment!
* * * LOW HITPOINT WARNING * * *
You focus on the pain.
You feel agile all of a sudden.
You feel more protected from cold.
You hit Fannar.
You feel better.
Fannar is severely wounded.
Fannar misses you.
Unknown command.
You miss Fannar.
Fannar is severely wounded.
Unknown command.
You hit Fannar.
You feel better.
Fannar is severely wounded.
You block Fannar's attack.
Unknown command.
You miss Fannar.
Fannar is severely wounded.
Unknown command.
You whack Fannar!
Fannar is almost dead.
Fannar mumbles some strange words.
Fannar drains the heat from the surrounding environment!
You die...

.> ..# #. #.# .
#.####.#### $.
#.........# ##.
##......#.# ....
##.....#.#
.....###°....))###
........○○.......###
......☼@.###.###...#
.......e○#
#...###.#####
.......○.#
#........)†..
###......#
###.#####.)).
..#.###.. #..).
##.#. #... ##... #
.... #... .... #...
###.


You could see Fannar.

Vanquished Creatures
  Josephine (D:10)
  Erolcha (D:9)
  A centaur warrior (D:9)
  2 two-headed ogres
  2 boulder beetles (D:9)
  A death knight (D:9)
  Erica (D:9)
  A cyclops (D:9)
  2 manticores (D:9)
  2 trolls
  4 hornets (D:9)
  7 yaks (D:9)
  2 wyverns
  7 wraiths
  A steam dragon (D:7)
  An acid dragon (D:9)
  3 water moccasins (D:8)
  3 sky beasts
  An ice beast (D:7)
  6 orc warriors
  4 ogres
  2 centaurs
  A phantom (D:6)
  A weeping skull (Ossuary)
  2 elf zombies (Ossuary)
  2 bullfrogs
  5 kobold brigands (D:9)
  Blork the orc (D:6)
  3 gnoll sergeants
  5 scorpions
  9 wights
  9 killer bees
  A centaur zombie (Ossuary)
  A howler monkey (D:5)
  2 jellies
  4 hounds
  2 gnoll boudas
  8 orc priests
  3 human zombies (Ossuary)
  2 sleepcaps
  2 iguanas
  Ijyb (D:5)
  Natasha (twice) (D:3)
  12 orc wizards
  A crocodile zombie (Ossuary)
  A hound zombie (Ossuary)
  3 mummies (Ossuary)
  Robin (D:3)
  15 adders
  24 gnolls
  4 river rats (Sewer)
  A white imp (D:6)
  4 adder zombies (Ossuary)
  4 dart slugs
  6 ribbon worms
  41 orcs
  18 ball pythons
  10 bats (Sewer)
  6 endoplasms
  8 giant cockroaches
  A gnoll zombie (Ossuary)
  14 goblins
  14 hobgoblins
  6 jackals
  3 quokkas
  2 ball python zombies (Ossuary)
  5 frilled lizards
  A goblin zombie (D:6)
  8 jackal zombies (Ossuary)
  16 kobolds
  6 kobold zombies (Ossuary)
  2 orc zombies (Ossuary)
  3 rats
361 creatures vanquished.

Vanquished Creatures (collateral kills)
  A cyclops (D:9)
  A gnoll sergeant (D:9)
  A killer bee (D:9)
  2 gnolls (D:9)
  A kobold (D:9)
6 creatures vanquished.

Grand Total: 367 creatures vanquished

Notes
Turn   | Place    | Note
-------+----------+-------------------------------------------
     0 | D:1      | wildpjah the Demonspawn Gladiator began the quest for the
                  | Orb.
     0 | D:1      | Reached XP level 1. HP: 16/16 MP: 1/1
   227 | D:1      | Gained mutation: You have a pair of small horns on your
                  | head. [demonic ancestry]
   227 | D:1      | Reached XP level 2. HP: 22/22 MP: 2/2
   236 | D:1      | Found a faded altar of an unknown god.
   285 | D:1      | Prayed at the altar of an unknown god.
   285 | D:1      | Became a worshipper of Qazlal Stormbringer
   285 | D:1      | Reached * piety under Qazlal
   567 | D:1      | You fall into a shaft and drop 1 floor!
   681 | D:2      | Reached skill level 1 in Invocations
   690 | D:2      | Gained mutation: You are partially covered in thin metallic
                  | scales. (AC +2) [demonic ancestry]
   690 | D:2      | Reached XP level 3. HP: 12/27 MP: 3/3
   816 | D:2      | Found Fibbafato's Book Boutique.
   816 | D:2      | Noticed a walking frostbound tome
   817 | D:2      | Noticed a walking earthen tome
  1805 | D:2      | Gained mutation: You sometimes gain a little power by
                  | taking damage. [demonic ancestry]
  1805 | D:2      | Reached XP level 4. HP: 33/33 MP: 5/5
  1815 | D:3      | Noticed a gnoll sergeant
  1984 | D:3      | Noticed Robin
  1995 | D:3      | Killed Robin
  1996 | D:3      | Reached skill level 2 in Invocations
  2097 | D:3      | Reached ** piety under Qazlal
  2128 | D:3      | Killed a gnoll sergeant
  2129 | D:3      | Reached skill level 1 in Armour
  2129 | D:3      | Gained mutation: You have a pair of horns on your head.
                  | [demonic ancestry]
  2129 | D:3      | Reached XP level 5. HP: 14/38 MP: 0/7
  2299 | D:3      | Found a shimmering altar of Xom.
  2528 | D:3      | Reached skill level 3 in Invocations
  2587 | D:3      | Noticed Natasha
  2602 | D:3      | Killed Natasha
  3192 | D:3      | Noticed Natasha
  3199 | D:3      | Killed Natasha
  3200 | D:3      | Reached XP level 6. HP: 46/46 MP: 8/8
  3251 | D:4      | Reached *** piety under Qazlal
  3429 | D:4      | Found a staircase to the Ecumenical Temple.
  3460 | Temple   | Entered the Ecumenical Temple
  3655 | D:4      | Identified the ring "Huawky" {Fire Str+3}
  3711 | D:4      | Reached skill level 1 in Shields
  3852 | D:4      | Reached skill level 4 in Invocations
  3983 | D:4      | Reached XP level 7. HP: 52/52 MP: 10/10
  4090 | D:5      | Entered Level 5 of the Dungeon
  4128 | D:5      | Reached skill level 5 in Maces & Flails
  4183 | D:5      | Reached skill level 5 in Invocations
  4221 | D:5      | Found a sparkling altar of Nemelex Xobeh.
  4342 | D:5      | Reached **** piety under Qazlal
  4390 | D:5      | Found a glowing drain.
  4402 | Sewer    | Entered a sewer
  4428 | Sewer    | Gained mutation: You regenerate magic rapidly. [demonic
                  | ancestry]
  4428 | Sewer    | Reached XP level 8. HP: 58/58 MP: 11/11
  5124 | D:5      | Noticed Ijyb
  5126 | D:5      | Killed Ijyb
  5206 | D:5      | Found a stormy altar of Qazlal.
  5211 | D:5      | Found an ancient bone altar of Kikubaaqudgha.
  5478 | D:6      | Found a sand-covered staircase.
  5497 | Ossuary  | Entered an ossuary
  5508 | Ossuary  | Reached ***** piety under Qazlal
  5721 | Ossuary  | Reached skill level 6 in Invocations
  5963 | D:6      | Gained mutation: You are mostly covered in thin metallic
                  | scales. (AC +3) [demonic ancestry]
  5963 | D:6      | Reached XP level 9. HP: 65/65 MP: 13/13
  6160 | D:6      | Noticed Blork the orc
  6180 | D:6      | Killed Blork the orc
  6556 | D:7      | Reached skill level 7 in Invocations
  6560 | D:7      | Reached skill level 5 in Dodging
  6796 | D:7      | Found an opulent altar of Gozag.
  6839 | D:7      | Reached skill level 8 in Invocations
  6844 | D:7      | Found a transporter.
  6854 | D:7      | Found a transporter.
  6854 | D:7      | Noticed a moth of wrath
  6856 | D:7      | Noticed bmb222's ghost (novice DsFi)
  6859 | D:7      | Found a bloodstained altar of Trog.
  6889 | D:7      | Found a radiant altar of Vehumet.
  7135 | D:8      | Reached ****** piety under Qazlal
  7136 | D:8      | Reached XP level 10. HP: 50/73 MP: 16/16
  7187 | D:8      | Found a runed translucent gate.
  7187 | D:8      | Found a runed translucent gate.
  7187 | D:8      | Found a runed translucent gate.
  7187 | D:8      | Noticed Azoth's ghost (novice DsFE)
  7333 | D:8      | Reached skill level 5 in Armour
  7430 | D:8      | Identified the amulet of the Raven {Spirit rF+ Str+2}
  7711 | D:9      | Noticed Erica
  7714 | D:9      | Killed Erica
  7715 | D:9      | Reached skill level 5 in Fighting
  7770 | D:9      | Noticed a two-headed ogre
  7780 | D:9      | Killed a two-headed ogre
  7781 | D:9      | Reached skill level 9 in Invocations
  7792 | D:9      | Reached skill level 1 in Stealth
  7826 | D:9      | Reached skill level 5 in Shields
  7890 | D:9      | Noticed Erolcha
  7902 | D:9      | Killed Erolcha
  7903 | D:9      | Reached XP level 11. HP: 66/80 MP: 18/18
  7951 | D:9      | Identified the +11 halberd of Midsummer {freeze, rC+}
  7957 | D:9      | Noticed a centaur warrior
  7975 | D:9      | Killed a centaur warrior
  7996 | D:9      | Noticed a boulder beetle
  7999 | D:9      | Noticed a boulder beetle
  8010 | D:9      | Killed a boulder beetle
  8011 | D:9      | Reached skill level 10 in Invocations
  8039 | D:9      | Killed a boulder beetle
  8312 | D:9      | Reached skill level 1 in Evocations
  8516 | D:9      | Noticed a death knight
  8547 | D:9      | Killed a death knight
  8783 | D:9      | Found Mogomod's Weapon Shop.
  9044 | D:10     | Entered Level 10 of the Dungeon
  9273 | D:10     | Noticed a two-headed ogre
  9277 | D:10     | Noticed Josephine
  9286 | D:10     | Killed a two-headed ogre
  9287 | D:10     | Reached skill level 11 in Invocations
  9287 | D:10     | Reached XP level 12. HP: 89/89 MP: 20/20
  9293 | D:10     | Killed Josephine
  9294 | D:10     | Reached skill level 10 in Maces & Flails
  9327 | D:10     | Noticed Fannar
  9352 | D:10     | Slain by Fannar

Illustrated notes

Levels and vault maps discovered:
D:1:      minmay_arrival_cross, layout_loops_ring,
          hellmonk_ecumenical_altar_arch_garden, minmay_gold_behind_fungi
D:2:      layout_basic, serial_shops, nicolae_shop_mannequins
D:3:      layout_basic, lemuel_round_altar, serial_curves, eino_curves_01,
          eino_curves_01, eino_curves_04, minmay_checkerbox, uniq_robin,
          uniq_natasha
D:4:      layout_basic, minmay_temple_entry_grid, minmay_pentomino_pile
D:5:      layout_basic, amethyst_overflow_temple_binary,
          nemelex_diamond_rough_becter,
          mainiacjoe_sewer_entry_somewhere_in_here_2, minmay_misc_feat_alley,
          uniq_ijyb
D:6:      layout_gridville, enter_ossuary_3, uniq_blork_the_orc
D:7:      layout_rooms, vehumet_statue, mainiacjoe_overflow_brackets,
          gammafunk_ghost_wrathful_warriors, st_stairs_6
D:8:      layout_cave_pools, gammafunk_ghost_spectres
D:9:      minmay_the_grid_3x2 [minmay_the_grid_zigzag_pyramid,
          minmay_the_grid_minigrid_large, minmay_the_grid_minigrid_medium,
          minmay_the_grid_small_cups, minmay_the_grid_large_cup,
          minmay_the_grid_prize_four_corners_diamond_a], layout_stronghold,
          serial_shops, shop_fountains, uniq_erica, uniq_erolcha
D:10:     layout_basic, minmay_lizard_king, uniq_fannar, uniq_josephine
Temple:   lightli_temple_of_artemis

Skill      XL: |  1  2  3  4  5  6  7  8  9 10 11 12 |
---------------+-------------------------------------+-----
Maces & Flails | 3 4 5 7 8 9 10 | 10.1
Invocations    | 1 2 3 4 5 6 8 9 11 | 11.1
Dodging        | 3 4 5 6 7 |  7.5
Armour         | 1 2 3 4 6 |  6.8
Shields        | 1 2 3 5 |  5.9
Fighting       | 3 4 5 6 |  6.8
Throwing       | 2 |  2.4
Stealth        | 1 2 |  2.8
Evocations     | 1 |  1.1

Action                     |  1- 3 |  4- 6 |  7- 9 | 10-12 || total
---------------------------+-------+-------+-------+-------++-------
  Melee: Flail             |   103 |   112 |       |       ||   215
         Headbutt          |    11 |    39 |   109 |   151 ||   310
         Punch             |     1 |     1 |     8 |     8 ||    18
         Whip              |       |   106 |   544 |   529 ||  1179
         Morningstar       |       |       |       |    29 ||    29
  Throw: Javelin           |       |     1 |     2 |     2 ||     5
         Dart              |       |       |     1 |     2 ||     3
         Throwing net      |       |       |       |     9 ||     9
 Invoke: Upheaval          |       |       |       |     5 ||     5
         Elemental Force   |       |       |       |     2 ||     2
  Evoke: Wand              |       |       |       |     8 ||     8
    Use: Scroll            |       |       |     5 |    14 ||    19
         Potion            |       |       |       |     1 ||     1
   Stab: Sleeping          |     1 |       |       |       ||     1
         Paralysed         |       |       |       |     3 ||     3
         Held in net/web   |       |       |       |     4 ||     4
         Invisible         |       |       |       |     2 ||     2
 Armour: Leather armour    |    91 |    44 |       |       ||   135
         Ring mail         |       |    80 |   244 |   285 ||   609
  Dodge: Dodged            |    85 |   122 |   311 |   265 ||   783
         Repelled          |       |       |     2 |     4 ||     6
  Block: Other             |     6 |    33 |   155 |   134 ||   328

Table legend: (Time is in decaauts)
 A = Elapsed time spent in this place.
 B = Non-inter-level travel time spent in this place.
 C = Inter-level travel time spent in this place.
 D = Time resting spent in this place.
 E = Time spent auto-exploring this place.
 F = Levels seen in this place.
 G = Mean time per level.
                   A        B        C        D        E       F      G
               +--------+--------+--------+--------+--------+-----+--------+
         Total |   9296 |   8845 |    451 |    115 |   6491 |  13 |  715.1 |
       Dungeon |   8331 |   7880 |    451 |    115 |   5864 |  10 |  833.1 |
        Temple |      1 |      1 |      0 |      0 |      0 |   1 |    1.0 |
         Sewer |    713 |    713 |      0 |      0 |    505 |   1 |  713.0 |
       Ossuary |    250 |    250 |      0 |      0 |    122 |   1 |  250.0 |
               +--------+--------+--------+--------+--------+-----+--------+

Top non-repeatable levels by time:
     D:2: 1518 daAuts
     D:9: 1329 daAuts
     D:3: 1184 daAuts
     D:4: 923 daAuts
     D:6: 854 daAuts
   Sewer: 713 daAuts
     D:5: 599 daAuts
     D:7: 588 daAuts
     D:1: 576 daAuts
     D:8: 482 daAuts
    D:10: 273 daAuts
 Ossuary: 250 daAuts
  Temple: 1 daAuts
